Stars vs Flames

Created - 21 novembre 2017 at 07:07

Goals
1 2 3 T
Stars 0 1 0 1
Flames 0 1 1 2
Shots
1 2 3 T
Stars 5 17 14 36
Flames 8 16 10 34

1st period

No Goal

Penalties :
Richard Panik (DAL) for Holding (Minor) at 4:25, Scottie Upshall (DAL) for Interference (Minor) at 10:27, Brandon Manning (CAL) for Hooking (Minor) at 14:08

2nd period

1. Stars , Alexander Radulov 10 (Joe Thornton 13, Rick Nash 4) at 3:24 (PP)
2. Flames , Drew Doughty 1 (Michael Frolik 8, Victor Rask 7) at 10:57

Penalties :
Drew Doughty (CAL) for Hooking (Minor) at 2:57, Michael Frolik (CAL) for Tripping (Minor) at 11:22

3rd period

3. Flames , Andrej Sustr 1 (Sam Reinhart 11, Jeff Carter 11) at 3:49 (PP)

Penalties :
Joe Thornton (DAL) for Hooking (Minor) at 2:58

Goalie Stats

Jimmy Howard (DAL), 32 saves from 34 shots - (0,941), L, 6-7-1, 60:00 minutes
Carey Price (CAL), 35 saves from 36 shots - (0,972), W, 10-1-3, 60:00 minutes

Players Stats for Stars

Player Name              G  A  P  +/- PIM S  H  SB GA TA FO     MP     PP MP  PK MP  
------------------------------------------------------------------------------------
Adam Pelech              0  0  0   0  0   0  0  1  0  0  0/0    11:14   0:04   0:00 
Alexander Radulov        1  0  1  -1  0   9  1  0  0  1  0/2    19:38   1:47   0:00 
Brian Gionta             0  0  0   0  0   0  0  2  1  2  0/0    18:12   1:50   2:29 
Daniel Winnik            0  0  0   0  0   1  0  0  0  0  0/1     8:48   0:39   0:38 
Greg Pateryn             0  0  0   0  0   0  2  1  0  0  0/0    16:27   0:00   2:12 
Henrik Sedin             0  0  0   0  0   2  2  0  0  0  8/20   15:42   1:50   0:00 
J.T. Compher             0  0  0   0  0   2  1  0  0  1  2/9     9:49   0:00   2:19 
Jay Beagle               0  0  0   0  0   2  1  1  1  0  10/15  14:27   0:18   2:36 
Joe Thornton             0  1  1  -1  2   2  4  0  1  1  11/26  19:37   1:47   0:00 
John Klingberg           0  0  0  -1  0   7  0  3  1  1  0/0    28:47   2:26   2:37 
Lee Stempniak            0  0  0   0  0   3  2  1  0  0  0/0    12:13   0:40   0:00 
Mikko Rantanen           0  0  0  -1  0   2  0  0  1  0  0/0    16:39   0:03   0:00 
Patrick Wiercioch        0  0  0  -1  0   1  1  2  0  0  0/0    24:20   1:19   2:37 
Patrik Nemeth            0  0  0   0  0   1  1  1  0  1  0/0    17:59   1:55   0:00 
Richard Panik            0  0  0   0  2   1  0  0  0  0  0/0     9:19   1:50   0:00 
Rick Nash                0  1  1   0  0   0  2  3  0  0  1/1    17:36   2:31   0:00 
Scottie Upshall          0  0  0   0  2   2  1  0  0  0  0/0    13:08   0:00   1:36 
Stephen Johns            0  0  0   0  0   1  0  4  0  0  0/0    21:13   3:06   2:12 

Players Stats for Flames

Player Name              G  A  P  +/- PIM S  H  SB GA TA FO     MP     PP MP  PK MP  
------------------------------------------------------------------------------------
Anders Lee               0  0  0   0  0   4  2  0  1  1  1/3    19:59   2:52   1:07 
Andrej Sustr             1  0  1   0  0   1  1  0  0  0  0/0    20:40   1:49   2:43 
Brad Richardson          0  0  0   0  0   1  1  1  0  0  7/14   15:09   0:00   2:12 
Brandon Manning          0  0  0   0  2   0  2  2  1  1  0/0    13:30   0:00   0:00 
David Perron             0  0  0   0  0   2  1  1  0  1  1/3    16:39   1:57   1:45 
David Savard             0  0  0   1  0   1  0  1  0  0  0/0    26:20   1:49   2:43 
Dennis Rasmussen         0  0  0   0  0   0  2  0  0  0  0/0     9:00   0:00   1:08 
Drew Doughty             1  0  1   1  2   4  6  3  0  1  0/0    25:51   3:00   1:42 
Jeff Carter              0  1  1   0  0   7  0  0  1  0  21/33  20:18   2:52   0:00 
Kevan Miller             0  0  0   0  0   1  3  2  0  0  0/0    14:37   0:00   1:09 
Michael Frolik           0  1  1   1  2   3  0  0  0  0  0/1    15:03   0:00   1:32 
Nick Bjugstad            0  0  0   0  0   0  0  0  0  0  0/0     7:52   0:00   0:00 
Patrick Eaves            0  0  0   1  0   1  2  0  2  0  0/0    14:50   1:57   0:00 
Patrick Sharp            0  0  0   0  0   2  0  1  0  0  1/1    12:57   0:00   0:00 
Sam Reinhart             0  1  1   0  0   2  0  1  0  1  0/1    19:27   2:52   0:32 
Tanner Kero              0  0  0   0  0   0  0  1  1  0  1/2     9:27   0:00   0:34 
Victor Hedman            0  0  0   0  0   3  3  1  1  0  0/0    19:03   3:00   0:33 
Victor Rask              0  1  1   1  0   2  1  0  0  0  10/16  14:50   1:57   0:00 

3 Stars

1 - Carey Price (CAL)
2 - Drew Doughty (CAL)
3 - Jimmy Howard (DAL)

Power Play

Stars - 1 on 3 Attempt(s) - 33,33%
Flames - 1 on 3 Attempt(s) - 33,33%

Penalty Kill

Stars - 2 on 3 Attempt(s) - 66,67% - Score 0 goal in Penalty Kill
Flames - 2 on 3 Attempt(s) - 66,67% - Score 0 goal in Penalty Kill

Team Stat

Stars - Hits : 18 - Faceoff Wins : 32 - Blocked Shots : 19 - Penalty Minutes : 6
Flames - Hits : 24 - Faceoff Wins : 42 - Blocked Shots : 14 - Penalty Minutes : 6

Official

Referees : Kyle Rehman and Gord Dwyer
Linesman : Shandor Alphonso and Mark Wheler

Game Notes

3:08 of 2nd period - Stars goal is going for a video replay. After video review, No Goal. The puck has been directed, batted or thrown into the net by an attacking player other than with a stick.

Finance

Level 1 -- Attendance: 5224 (87,07%) -- Ticket Income 522 400 $
Level 2 -- Attendance: 4529 (90,58%) -- Ticket Income 271 740 $
Level 3 -- Attendance: 1996 (99,80%) -- Ticket Income 69 860 $
Level 4 -- Attendance: 4000 (100,00%) -- Ticket Income 80 000 $
Luxury Box -- Attendance: 739 (73,90%) -- Ticket Income 147 800 $
Game was played at the Ghost Rider Center.
Total Attendance: 16488 (91,60%)
Total Ticket Income: 1 091 800 $
Other Income: 534 982 $
Total Income: 1 626 782 $

Stars

5 vs 5 Forward 
   Center                   Left Wing                Right Wing               Time % Phy DF OF 
 1 Joe Thornton             Mikko Rantanen           Alexander Radulov        35     1   2  2  
 2 Henrik Sedin             Rick Nash                Brian Gionta             30     1   2  2  
 3 Jay Beagle               Scottie Upshall          Lee Stempniak            22     1   2  2  
 4 J.T. Compher             Daniel Winnik            Richard Panik            13     1   2  2  

5 vs 5 Defense 
   Defense                  Defense                                           Time % Phy DF OF 
 1 Patrick Wiercioch        John Klingberg                                    40     1   2  2  
 2 Stephen Johns            Patrik Nemeth                                     30     1   2  2  
 3 Greg Pateryn             Adam Pelech                                       20     1   2  2  
 4 John Klingberg           Greg Pateryn                                      10     1   2  2  

PowerPlay Forward 
   Center                   Left Wing                Right Wing               Time % Phy DF OF 
 1 Joe Thornton             Rick Nash                Alexander Radulov        60     0   1  4  
 2 Henrik Sedin             Richard Panik            Brian Gionta             40     0   1  4  

PowerPlay Defense
   Defense                  Defense                                           Time % Phy DF OF 
 1 Stephen Johns            John Klingberg                                    60     1   1  3  
 2 Patrik Nemeth            Patrick Wiercioch                                 40     1   2  2  

Penalty Kill 4 Players Forward 
   Center                   Wing                     Time % Phy DF OF 
 1 Jay Beagle               Scottie Upshall          55     1   4  0  
 2 J.T. Compher             Brian Gionta             45     1   4  0  

Penalty Kill 4 Players Defense
   Defense                  Defense                  Time % Phy DF OF 
 1 John Klingberg           Patrick Wiercioch        60     2   3  0  
 2 Stephen Johns            Greg Pateryn             40     2   3  0  

Penalty Kill - 3 Players Forward 
   Forward                                           Time % Phy DF OF 
 1 Jay Beagle                                        60     1   2  2  
 2 Alexander Radulov                                 40     1   2  2  

Penalty Kill - 3 Players Defense
   Defense                  Defense                  Time % Phy DF OF 
 1 Adam Pelech              Stephen Johns            60     1   2  2  
 2 Patrik Nemeth            Greg Pateryn             40     1   2  2  

4 vs 4 Forward 
   Center                   Wing                     Time % Phy DF OF 
 1 Jay Beagle               Scottie Upshall          60     1   2  2  
 2 J.T. Compher             Brian Gionta             40     1   2  2  

4 vs 4 Defense
   Defense                  Defense                  Time % Phy DF OF 
 1 Patrick Wiercioch        Stephen Johns            60     1   2  2  
 2 Patrik Nemeth            Greg Pateryn             40     1   2  2  

Last Minutes Offensive
   Center                   Left Wing                Right Wing               Defense                  Defense                  
   Joe Thornton             Rick Nash                Alexander Radulov        John Klingberg           Patrik Nemeth            

Last Minutes Defensive
   Center                   Left Wing                Right Wing               Defense                  Defense                  
   Jay Beagle               Brian Gionta             Mikko Rantanen           Patrick Wiercioch        Adam Pelech              

Goaltenders
Starting : Jimmy Howard             
Backup : Jhonas Enroth            

Extra Forwards
Normal : Mikko Rantanen, Lee Stempniak, J.T. Compher - PP : Mikko Rantanen, Lee Stempniak - PK : J.T. Compher
Extra Defensemen
Normal : Patrik Nemeth, Patrick Wiercioch, Stephen Johns - PP : Patrik Nemeth - PK : Patrick Wiercioch, Stephen Johns
Penalty Shots
Joe Thornton, Henrik Sedin, Alexander Radulov, Brian Gionta, Jay Beagle
Custom OT Lines Forwards
Joe Thornton, Henrik Sedin, Alexander Radulov, Brian Gionta, Jay Beagle, Richard Panik, Mikko Rantanen, Lee Stempniak, J.T. Compher, Scottie Upshall
Custom OT Lines Defensemen
John Klingberg, Adam Pelech, Stephen Johns, Greg Pateryn, Patrik Nemeth

Scratches
Bryan Rust (Healthy), Rob Scuderi (Healthy), Jiri Hudler (Healthy)

Flames

5 vs 5 Forward 
   Center                   Left Wing                Right Wing               Time % Phy DF OF 
 1 Jeff Carter              Anders Lee               Sam Reinhart             35     0   1  4  
 2 Victor Rask              Michael Frolik           Patrick Eaves            31     0   2  3  
 3 Brad Richardson          David Perron             Patrick Sharp            27     0   2  3  
 4 Tanner Kero              Dennis Rasmussen         Nick Bjugstad            7      1   3  1  

5 vs 5 Defense 
   Defense                  Defense                                           Time % Phy DF OF 
 1 Drew Doughty             David Savard                                      38     0   3  2  
 2 Victor Hedman            Andrej Sustr                                      30     0   3  2  
 3 Kevan Miller             Brandon Manning                                   27     0   4  1  
 4 Drew Doughty             Victor Hedman                                     5      0   2  3  

PowerPlay Forward 
   Center                   Left Wing                Right Wing               Time % Phy DF OF 
 1 Jeff Carter              Anders Lee               Sam Reinhart             60     0   0  5  
 2 Victor Rask              David Perron             Patrick Eaves            40     0   0  5  

PowerPlay Defense
   Defense                  Defense                                           Time % Phy DF OF 
 1 Victor Hedman            Drew Doughty                                      65     0   1  4  
 2 Andrej Sustr             David Savard                                      35     0   1  4  

Penalty Kill 4 Players Forward 
   Center                   Wing                     Time % Phy DF OF 
 1 Brad Richardson          Michael Frolik           60     0   4  1  
 2 Tanner Kero              Dennis Rasmussen         40     0   4  1  

Penalty Kill 4 Players Defense
   Defense                  Defense                  Time % Phy DF OF 
 1 David Savard             Andrej Sustr             60     1   4  0  
 2 Kevan Miller             Drew Doughty             40     1   4  0  

Penalty Kill - 3 Players Forward 
   Forward                                           Time % Phy DF OF 
 1 Brad Richardson                                   60     0   5  0  
 2 Michael Frolik                                    40     0   5  0  

Penalty Kill - 3 Players Defense
   Defense                  Defense                  Time % Phy DF OF 
 1 Andrej Sustr             David Savard             60     0   5  0  
 2 Drew Doughty             Kevan Miller             40     0   5  0  

4 vs 4 Forward 
   Center                   Wing                     Time % Phy DF OF 
 1 Jeff Carter              Anders Lee               60     0   1  4  
 2 Sam Reinhart             Patrick Eaves            40     0   1  4  

4 vs 4 Defense
   Defense                  Defense                  Time % Phy DF OF 
 1 Drew Doughty             Victor Hedman            60     0   3  2  
 2 Andrej Sustr             David Savard             40     0   3  2  

Last Minutes Offensive
   Center                   Left Wing                Right Wing               Defense                  Defense                  
   Jeff Carter              Anders Lee               Sam Reinhart             Drew Doughty             Victor Hedman            

Last Minutes Defensive
   Center                   Left Wing                Right Wing               Defense                  Defense                  
   Brad Richardson          Tanner Kero              Michael Frolik           Andrej Sustr             David Savard             

Goaltenders
Starting : Carey Price              
Backup : Curtis McElhinney        

Extra Forwards
Normal : Jeff Carter, David Perron, Sam Reinhart - PP : Michael Frolik, Brad Richardson - PK : David Perron
Extra Defensemen
Normal : Drew Doughty, Victor Hedman, David Savard - PP : Andrej Sustr - PK : Brandon Manning, Victor Hedman
Penalty Shots
Nick Bjugstad, Sam Reinhart, David Perron, Patrick Sharp, Jeff Carter
Custom OT Lines Forwards
Jeff Carter, Anders Lee, Sam Reinhart, Michael Frolik, Patrick Eaves, David Perron, Victor Rask, Patrick Sharp, Brad Richardson, Nick Bjugstad
Custom OT Lines Defensemen
Drew Doughty, Victor Hedman, David Savard, Andrej Sustr, Kevan Miller

Scratches
Pavel Zacha (Healthy), Matt Bartkowski (Healthy)

% Time on Ice - Stars

Lines # - Real PCT - Wanted PCT - Time Play
Normal Forward
1 - 34% - 35% - 16:49
2 - 28% - 30% - 13:53
3 - 23% - 22% - 11:33
4 - 15% - 13% - 7:29
Normal Defense
1 - 41% - 40% - 20:25
2 - 32% - 30% - 15:54
3 - 20% - 20% - 10:03
4 - 7% - 10% - 3:22
PP Forward
1 - 58% - 60% - 2:35
2 - 42% - 40% - 1:50
PP Defense
1 - 70% - 60% - 3:06
2 - 30% - 40% - 1:19
PK Forward
1 - 67% - 55% - 3:14
2 - 33% - 45% - 1:35
PK Defense
1 - 54% - 60% - 2:37
2 - 46% - 40% - 2:12
PK3 Forward
1 - 0% - 60%
2 - 0% - 40%
PK3 Defense
1 - 0% - 60%
2 - 0% - 40%
44 Forward
1 - 0% - 60%
2 - 0% - 40%
44 Defense
1 - 0% - 60%
2 - 0% - 40%
Last Minute Offensive  - 1:02
Last Minute Defensive  - 0:00
Total
Forward - 60:00
Defense - 60:00

% Time on Ice - Flames

Lines # - Real PCT - Wanted PCT - Time Play
Normal Forward
1 - 32% - 35% - 16:03
2 - 26% - 31% - 12:53
3 - 26% - 27% - 12:57
4 - 16% - 7% - 7:52
Normal Defense
1 - 41% - 38% - 20:17
2 - 30% - 30% - 15:02
3 - 27% - 27% - 13:28
4 - 2% - 5% - 0:58
PP Forward
1 - 60% - 60% - 2:52
2 - 40% - 40% - 1:57
PP Defense
1 - 62% - 65% - 3:00
2 - 38% - 35% - 1:49
PK Forward
1 - 87% - 60% - 3:51
2 - 13% - 40% - 0:34
PK Defense
1 - 62% - 60% - 2:43
2 - 38% - 40% - 1:42
PK3 Forward
1 - 0% - 60%
2 - 0% - 40%
PK3 Defense
1 - 0% - 60%
2 - 0% - 40%
44 Forward
1 - 0% - 60%
2 - 0% - 40%
44 Defense
1 - 0% - 60%
2 - 0% - 40%
Last Minute Offensive  - 0:00
Last Minute Defensive  - 1:01
Total
Forward - 60:00
Defense - 60:00

Play by Play

1st period


0:01 of 1st period - Jeff Carter wins face-off versus Joe Thornton in neutral zone.
0:06 of 1st period - Snap shot by Anders Lee.
0:06 of 1st period - Shot Blocked by John Klingberg.
0:48 of 1st period - John Klingberg is hit by Victor Hedman and loses puck.
1:00 of 1st period - Snap shot by Victor Rask.
1:00 of 1st period - Shot Misses the Net.
1:12 of 1st period - Snap shot by Rick Nash.
1:12 of 1st period - Shot Misses the Net.
1:14 of 1st period - Backhand shot by Henrik Sedin.
1:14 of 1st period - Shot Misses the Net.
1:16 of 1st period - Snap shot by Brian Gionta.
1:16 of 1st period - Shot Blocked by Kevan Miller.
1:38 of 1st period - Wrist shot by Anders Lee.
1:38 of 1st period - Stopped by Jimmy Howard without a rebound.
1:39 of 1st period - Victor Rask wins face-off versus J.T. Compher in Stars zone.
1:48 of 1st period - Snap shot by Patrick Eaves.
1:48 of 1st period - Shot Blocked by Stephen Johns.
2:04 of 1st period - Stephen Johns is hit by Brad Richardson and loses puck.
2:17 of 1st period - Snap shot by David Perron.
2:17 of 1st period - Shot Blocked by Stephen Johns.
2:49 of 1st period - Kevan Miller is hit by Greg Pateryn and loses puck.
3:43 of 1st period - Brandon Manning is hit by Greg Pateryn and loses puck.
4:04 of 1st period - Slapshot by Victor Hedman.
4:04 of 1st period - Deflect By Nick Bjugstad.
4:04 of 1st period - Shot Blocked by Stephen Johns.
4:04 of 1st period - Puck is out of play.
4:05 of 1st period - J.T. Compher wins face-off versus Tanner Kero in Stars zone.
4:25 of 1st period - Minor Penalty to Richard Panik for Holding.
4:26 of 1st period - Jay Beagle wins face-off versus Sam Reinhart in Stars zone.
4:39 of 1st period - Snap shot by Jay Beagle.
4:39 of 1st period - Shot Misses the Net.
4:41 of 1st period - Wrist shot by Scottie Upshall.
4:41 of 1st period - Shot Blocked by Drew Doughty.
4:51 of 1st period - Brian Gionta is hit by Drew Doughty.
4:54 of 1st period - Off-side.
4:55 of 1st period - Victor Rask wins face-off versus J.T. Compher in neutral zone.
5:41 of 1st period - Wrist shot by J.T. Compher.
5:41 of 1st period - Stopped by Carey Price with a rebound.
6:25 of 1st period - Penalty to Richard Panik is over, Richard Panik is back on ice.
6:52 of 1st period - Brandon Manning is hit by Rick Nash and loses puck.
7:15 of 1st period - Snap shot by Rick Nash.
7:15 of 1st period - Shot Blocked by Tanner Kero.
7:17 of 1st period - Snap shot by Daniel Winnik.
7:17 of 1st period - Stopped by Carey Price without a rebound.
7:18 of 1st period - Tanner Kero wins face-off versus J.T. Compher in Flames zone.
7:27 of 1st period - Tanner Kero is hit by J.T. Compher.
8:14 of 1st period - Slapshot by Victor Hedman.
8:14 of 1st period - Deflect By Patrick Eaves.
8:14 of 1st period - Shot Blocked by Stephen Johns.
8:14 of 1st period - Puck is out of play.
8:15 of 1st period - Brad Richardson wins face-off versus Henrik Sedin in Stars zone.
9:05 of 1st period - John Klingberg is hit by Brandon Manning and loses puck.
9:26 of 1st period - Wrist shot by Brian Gionta.
9:26 of 1st period - Shot Misses the Net.
9:28 of 1st period - Snap shot by Stephen Johns.
9:28 of 1st period - Shot Misses the Net.
9:30 of 1st period - Slapshot by Patrick Wiercioch.
9:30 of 1st period - Stopped by Carey Price without a rebound.
9:31 of 1st period - Jay Beagle wins face-off versus Victor Rask in Flames zone.
9:39 of 1st period - Icing by David Savard.
9:40 of 1st period - Jay Beagle wins face-off versus Victor Rask in Flames zone.
10:25 of 1st period - Snap shot by Michael Frolik.
10:25 of 1st period - Stopped by Jimmy Howard with a rebound.
10:27 of 1st period - Minor Penalty to Scottie Upshall for Interference.
10:28 of 1st period - Jeff Carter wins face-off versus J.T. Compher in Stars zone.
10:41 of 1st period - J.T. Compher is hit by Victor Hedman and loses puck.
10:55 of 1st period - Icing by Patrick Eaves.
10:56 of 1st period - Jay Beagle wins face-off versus David Perron in Flames zone.
11:17 of 1st period - Slapshot by Sam Reinhart.
11:17 of 1st period - Stopped by Jimmy Howard with a rebound.
11:19 of 1st period - Slapshot by David Savard.
11:19 of 1st period - Stopped by Jimmy Howard without a rebound.
11:20 of 1st period - Jay Beagle wins face-off versus Jeff Carter in Stars zone.
11:20 of 1st period - Jay Beagle is hit by Victor Hedman.
11:34 of 1st period - Snap shot by Anders Lee.
11:34 of 1st period - Stopped by Jimmy Howard with a rebound.
12:27 of 1st period - Penalty to Scottie Upshall is over, Scottie Upshall is back on ice.
12:40 of 1st period - Wrist shot by Joe Thornton.
12:40 of 1st period - Shot Misses the Net.
12:42 of 1st period - Snap shot by Joe Thornton.
12:42 of 1st period - Deflect By Alexander Radulov.
12:42 of 1st period - Stopped by Carey Price without a rebound.
12:43 of 1st period - Patrick Sharp wins face-off versus Joe Thornton in Flames zone.
12:50 of 1st period - Slapshot by Alexander Radulov.
12:50 of 1st period - Shot Misses the Net.
12:52 of 1st period - Snap shot by John Klingberg.
12:52 of 1st period - Deflect By David Perron.
12:52 of 1st period - Stopped by Carey Price with a rebound.
13:06 of 1st period - Alexander Radulov is hit by Brandon Manning and loses puck.
13:50 of 1st period - John Klingberg is hit by Kevan Miller and loses puck.
14:08 of 1st period - Minor Penalty to Brandon Manning for Hooking.
14:09 of 1st period - Henrik Sedin wins face-off versus Anders Lee in Flames zone.
14:19 of 1st period - Wrist shot by Michael Frolik.
14:19 of 1st period - Shot Misses the Net.
15:20 of 1st period - Stephen Johns is hit by Kevan Miller and loses puck.
16:08 of 1st period - Penalty to Brandon Manning is over, Brandon Manning is back on ice.
16:40 of 1st period - Mikko Rantanen is hit by Victor Rask and loses puck.
16:47 of 1st period - Brandon Manning is hit by Alexander Radulov and loses puck.
17:30 of 1st period - Stephen Johns is hit by Anders Lee.
17:42 of 1st period - Slapshot by Victor Hedman.
17:42 of 1st period - Stopped by Jimmy Howard with a rebound.
18:09 of 1st period - Icing by Dennis Rasmussen.
18:10 of 1st period - J.T. Compher wins face-off versus David Perron in Flames zone.
18:13 of 1st period - Wrist shot by Richard Panik.
18:13 of 1st period - Shot Blocked by Drew Doughty.
18:39 of 1st period - Slapshot by Drew Doughty.
18:39 of 1st period - Shot Misses the Net.
19:29 of 1st period - Greg Pateryn is hit by Dennis Rasmussen and loses puck.
19:47 of 1st period - Snap shot by David Perron.
19:47 of 1st period - Stopped by Jimmy Howard with a rebound.
19:49 of 1st period - Snap shot by Victor Hedman.
19:49 of 1st period - Stopped by Jimmy Howard without a rebound.
19:50 of 1st period - Jeff Carter wins face-off versus Henrik Sedin in Stars zone.
Goals for this period are 0 for Stars vs 0 for Flames.
Shots for this period are 5 for Stars vs 8 for Flames.

2nd period


0:01 of 2nd period - Henrik Sedin wins face-off versus Jeff Carter in neutral zone.
0:35 of 2nd period - Snap shot by Victor Rask.
0:35 of 2nd period - Shot Blocked by John Klingberg.
0:45 of 2nd period - Slapshot by Victor Hedman.
0:45 of 2nd period - Shot Blocked by Patrick Wiercioch.
1:36 of 2nd period - Slapshot by Drew Doughty.
1:36 of 2nd period - Deflect By Jeff Carter.
1:36 of 2nd period - Stopped by Jimmy Howard without a rebound.
1:37 of 2nd period - Jeff Carter wins face-off versus Henrik Sedin in Stars zone.
1:40 of 2nd period - Snap shot by Anders Lee.
1:40 of 2nd period - Stopped by Jimmy Howard without a rebound.
1:41 of 2nd period - Jeff Carter wins face-off versus Henrik Sedin in Stars zone.
2:07 of 2nd period - Slapshot by Lee Stempniak.
2:07 of 2nd period - Shot Misses the Net.
2:09 of 2nd period - Snap shot by Adam Pelech.
2:09 of 2nd period - Shot Misses the Net.
2:11 of 2nd period - Slapshot by Greg Pateryn.
2:11 of 2nd period - Deflect By Lee Stempniak.
2:11 of 2nd period - Shot Misses the Net.
2:11 of 2nd period - Puck is out of play.
2:12 of 2nd period - Jay Beagle wins face-off versus Michael Frolik in Flames zone.
2:15 of 2nd period - Slapshot by John Klingberg.
2:15 of 2nd period - Stopped by Carey Price without a rebound.
2:16 of 2nd period - Henrik Sedin wins face-off versus Victor Rask in Flames zone.
2:43 of 2nd period - Snap shot by Mikko Rantanen.
2:43 of 2nd period - Deflect By Alexander Radulov.
2:43 of 2nd period - Stopped by Carey Price without a rebound.
2:44 of 2nd period - Jeff Carter wins face-off versus Joe Thornton in Flames zone.
2:57 of 2nd period - Minor Penalty to Drew Doughty for Hooking.
2:58 of 2nd period - Joe Thornton wins face-off versus Brad Richardson in Flames zone.
2:58 of 2nd period - Wrist shot by Alexander Radulov.
2:58 of 2nd period - Shot Blocked by David Savard.
3:00 of 2nd period - Snap shot by John Klingberg.
3:00 of 2nd period - Stopped by Carey Price without a rebound.
3:01 of 2nd period - Joe Thornton wins face-off versus Brad Richardson in Flames zone.
3:06 of 2nd period - Slapshot by Joe Thornton.
3:06 of 2nd period - Shot Misses the Net.
3:08 of 2nd period - Snap shot by Alexander Radulov.
3:08 of 2nd period - Stars goal is going for a video replay.
3:08 of 2nd period - The goal is refused. The puck has been directed, batted or thrown into the net by an attacking player other than with a stick..
3:09 of 2nd period - Brad Richardson wins face-off versus Joe Thornton in Flames zone.
3:24 of 2nd period - Wrist shot by Alexander Radulov.
3:24 of 2nd period - Goal by Alexander Radulov - Stars : 1 - Flames : 0.
3:25 of 2nd period - Jeff Carter wins face-off versus Henrik Sedin in neutral zone.
3:28 of 2nd period - Henrik Sedin is hit by Drew Doughty and loses puck.
3:51 of 2nd period - David Savard is hit by Patrick Wiercioch and loses puck.
4:22 of 2nd period - Snap shot by David Perron.
4:22 of 2nd period - Stopped by Jimmy Howard without a rebound.
4:23 of 2nd period - Jeff Carter wins face-off versus Henrik Sedin in Stars zone.
4:28 of 2nd period - Snap shot by Jeff Carter.
4:28 of 2nd period - Stopped by Jimmy Howard with a rebound.
4:30 of 2nd period - Slapshot by Jeff Carter.
4:30 of 2nd period - Shot Blocked by Rick Nash.
4:32 of 2nd period - Slapshot by Sam Reinhart.
4:32 of 2nd period - Shot Blocked by Brian Gionta.
4:34 of 2nd period - Wrist shot by Victor Hedman.
4:34 of 2nd period - Stopped by Jimmy Howard without a rebound.
4:35 of 2nd period - Rick Nash wins face-off versus Jeff Carter in Stars zone.
5:00 of 2nd period - Mikko Rantanen is hit by Patrick Eaves and loses puck.
5:22 of 2nd period - Off-side.
5:23 of 2nd period - Jay Beagle wins face-off versus Brad Richardson in neutral zone.
5:55 of 2nd period - Wrist shot by Jeff Carter.
5:55 of 2nd period - Shot Blocked by Brian Gionta.
5:57 of 2nd period - Slapshot by Jeff Carter.
5:57 of 2nd period - Stopped by Jimmy Howard without a rebound.
5:58 of 2nd period - Jeff Carter wins face-off versus Henrik Sedin in Stars zone.
5:59 of 2nd period - Snap shot by Anders Lee.
5:59 of 2nd period - Stopped by Jimmy Howard without a rebound.
6:00 of 2nd period - Henrik Sedin wins face-off versus Jeff Carter in Stars zone.
6:31 of 2nd period - Snap shot by Alexander Radulov.
6:31 of 2nd period - Stopped by Carey Price without a rebound.
6:32 of 2nd period - Jeff Carter wins face-off versus Joe Thornton in Flames zone.
7:24 of 2nd period - Wrist shot by Jay Beagle.
7:24 of 2nd period - Shot Blocked by David Perron.
7:26 of 2nd period - Wrist shot by Lee Stempniak.
7:26 of 2nd period - Stopped by Carey Price without a rebound.
7:27 of 2nd period - Jeff Carter wins face-off versus Jay Beagle in Flames zone.
7:44 of 2nd period - Snap shot by Scottie Upshall.
7:44 of 2nd period - Shot Misses the Net.
7:46 of 2nd period - Wrist shot by Jay Beagle.
7:46 of 2nd period - Stopped by Carey Price without a rebound.
7:47 of 2nd period - Joe Thornton wins face-off versus Victor Rask in Flames zone.
8:00 of 2nd period - Slapshot by Victor Rask.
8:00 of 2nd period - Stopped by Jimmy Howard without a rebound.
8:01 of 2nd period - Jeff Carter wins face-off versus Henrik Sedin in Stars zone.
8:04 of 2nd period - Snap shot by Jeff Carter.
8:04 of 2nd period - Stopped by Jimmy Howard without a rebound.
8:05 of 2nd period - Henrik Sedin wins face-off versus Jeff Carter in Stars zone.
8:38 of 2nd period - Snap shot by Drew Doughty.
8:38 of 2nd period - Stopped by Jimmy Howard with a rebound.
8:40 of 2nd period - Slapshot by Michael Frolik.
8:40 of 2nd period - Stopped by Jimmy Howard with a rebound.
8:50 of 2nd period - Snap shot by John Klingberg.
8:50 of 2nd period - Deflect By David Perron.
8:50 of 2nd period - Stopped by Carey Price without a rebound.
8:51 of 2nd period - Jay Beagle wins face-off versus Brad Richardson in Flames zone.
8:56 of 2nd period - Snap shot by Scottie Upshall.
8:56 of 2nd period - Stopped by Carey Price without a rebound.
8:57 of 2nd period - Joe Thornton wins face-off versus Jeff Carter in Flames zone.
8:58 of 2nd period - Wrist shot by Alexander Radulov.
8:58 of 2nd period - Shot Blocked by Sam Reinhart.
9:22 of 2nd period - Patrik Nemeth is hit by Drew Doughty and loses puck.
9:47 of 2nd period - Snap shot by Brad Richardson.
9:47 of 2nd period - Deflect By Scottie Upshall.
9:47 of 2nd period - Stopped by Jimmy Howard with a rebound.
9:49 of 2nd period - Wrist shot by Patrick Sharp.
9:49 of 2nd period - Shot Blocked by Jay Beagle.
9:51 of 2nd period - Slapshot by Kevan Miller.
9:51 of 2nd period - Stopped by Jimmy Howard with a rebound.
10:25 of 2nd period - Wrist shot by Alexander Radulov.
10:25 of 2nd period - Stopped by Carey Price without a rebound.
10:26 of 2nd period - Jeff Carter wins face-off versus Joe Thornton in Flames zone.
10:28 of 2nd period - Icing by Drew Doughty.
10:29 of 2nd period - Jeff Carter wins face-off versus Henrik Sedin in Flames zone.
10:29 of 2nd period - Jeff Carter is hit by Henrik Sedin.
10:57 of 2nd period - Slapshot by Drew Doughty.
10:57 of 2nd period - Goal by Drew Doughty - Stars : 1 - Flames : 1.
10:58 of 2nd period - Joe Thornton wins face-off versus Jeff Carter in neutral zone.
11:03 of 2nd period - Snap shot by Alexander Radulov.
11:03 of 2nd period - Shot Blocked by Drew Doughty.
11:05 of 2nd period - Snap shot by Alexander Radulov.
11:05 of 2nd period - Stopped by Carey Price without a rebound.
11:06 of 2nd period - Joe Thornton wins face-off versus Jeff Carter in Flames zone.
11:07 of 2nd period - Wrist shot by Alexander Radulov.
11:07 of 2nd period - Stopped by Carey Price without a rebound.
11:08 of 2nd period - Joe Thornton wins face-off versus Jeff Carter in Flames zone.
11:19 of 2nd period - Snap shot by Alexander Radulov.
11:19 of 2nd period - Stopped by Carey Price without a rebound.
11:20 of 2nd period - Victor Rask wins face-off versus Henrik Sedin in Flames zone.
11:22 of 2nd period - Minor Penalty to Michael Frolik for Tripping.
11:23 of 2nd period - Brad Richardson wins face-off versus Joe Thornton in Flames zone.
11:37 of 2nd period - Wrist shot by Joe Thornton.
11:37 of 2nd period - Stopped by Carey Price without a rebound.
11:38 of 2nd period - Brad Richardson wins face-off versus Joe Thornton in Flames zone.
11:53 of 2nd period - Slapshot by Joe Thornton.
11:53 of 2nd period - Shot Blocked by Brad Richardson.
12:08 of 2nd period - Off-side.
12:09 of 2nd period - Henrik Sedin wins face-off versus Brad Richardson in neutral zone.
12:44 of 2nd period - Snap shot by Joe Thornton.
12:44 of 2nd period - Shot Blocked by Kevan Miller.
13:22 of 2nd period - Penalty to Michael Frolik is over, Michael Frolik is back on ice.
14:09 of 2nd period - Greg Pateryn is hit by Drew Doughty and loses puck.
15:32 of 2nd period - Slapshot by Drew Doughty.
15:32 of 2nd period - Stopped by Jimmy Howard with a rebound.
15:34 of 2nd period - Snap shot by Michael Frolik.
15:34 of 2nd period - Shot Misses the Net.
15:50 of 2nd period - Slapshot by John Klingberg.
15:50 of 2nd period - Stopped by Carey Price without a rebound.
15:51 of 2nd period - Henrik Sedin wins face-off versus Jeff Carter in Flames zone.
16:04 of 2nd period - Snap shot by Jeff Carter.
16:04 of 2nd period - Shot Blocked by Rick Nash.
16:06 of 2nd period - Snap shot by Jeff Carter.
16:06 of 2nd period - Shot Misses the Net.
16:16 of 2nd period - Henrik Sedin is hit by David Perron.
16:52 of 2nd period - Wrist shot by Henrik Sedin.
16:52 of 2nd period - Shot Blocked by Brandon Manning.
17:22 of 2nd period - Slapshot by John Klingberg.
17:22 of 2nd period - Shot Misses the Net.
17:24 of 2nd period - Wrist shot by John Klingberg.
17:24 of 2nd period - Stopped by Carey Price without a rebound.
17:25 of 2nd period - Victor Rask wins face-off versus Joe Thornton in Flames zone.
17:32 of 2nd period - Slapshot by Victor Hedman.
17:32 of 2nd period - Deflect By Victor Rask.
17:32 of 2nd period - Shot Misses the Net.
17:32 of 2nd period - Puck is out of play.
17:33 of 2nd period - Joe Thornton wins face-off versus Victor Rask in Stars zone.
17:58 of 2nd period - Andrej Sustr is hit by Jay Beagle and loses puck.
18:18 of 2nd period - Icing by Patrik Nemeth.
18:19 of 2nd period - Brad Richardson wins face-off versus J.T. Compher in Stars zone.
18:24 of 2nd period - Wrist shot by Patrick Sharp.
18:24 of 2nd period - Stopped by Jimmy Howard without a rebound.
18:25 of 2nd period - Jeff Carter wins face-off versus Joe Thornton in Stars zone.
19:37 of 2nd period - Brad Richardson is hit by Joe Thornton and loses puck.
Goals for this period are 1 for Stars vs 1 for Flames.
Shots for this period are 17 for Stars vs 16 for Flames.

3rd period


0:01 of 3rd period - Anders Lee wins face-off versus Joe Thornton in neutral zone.
0:17 of 3rd period - Snap shot by Alexander Radulov.
0:17 of 3rd period - Shot Misses the Net.
0:51 of 3rd period - Andrej Sustr is hit by Henrik Sedin and loses puck.
1:52 of 3rd period - Dennis Rasmussen is hit by Lee Stempniak and loses puck.
1:57 of 3rd period - Snap shot by Lee Stempniak.
1:57 of 3rd period - Shot Blocked by Brandon Manning.
1:59 of 3rd period - Snap shot by Scottie Upshall.
1:59 of 3rd period - Stopped by Carey Price with a rebound.
2:28 of 3rd period - Slapshot by Drew Doughty.
2:28 of 3rd period - Shot Blocked by Greg Pateryn.
2:38 of 3rd period - Slapshot by Joe Thornton.
2:38 of 3rd period - Deflect By Nick Bjugstad.
2:38 of 3rd period - Stopped by Carey Price without a rebound.
2:39 of 3rd period - Jeff Carter wins face-off versus Joe Thornton in Flames zone.
2:39 of 3rd period - Jeff Carter is hit by Joe Thornton.
2:58 of 3rd period - Minor Penalty to Joe Thornton for Hooking.
2:59 of 3rd period - Jeff Carter wins face-off versus Jay Beagle in Stars zone.
3:09 of 3rd period - Wrist shot by Jeff Carter.
3:09 of 3rd period - Shot Misses the Net.
3:11 of 3rd period - Slapshot by Drew Doughty.
3:11 of 3rd period - Deflect By Sam Reinhart.
3:11 of 3rd period - Shot Misses the Net.
3:11 of 3rd period - Puck is out of play.
3:12 of 3rd period - Jay Beagle wins face-off versus Jeff Carter in Stars zone.
3:43 of 3rd period - Slapshot by David Perron.
3:43 of 3rd period - Deflect By Patrick Eaves.
3:43 of 3rd period - Shot Blocked by John Klingberg.
3:43 of 3rd period - Puck is out of play.
3:44 of 3rd period - Jeff Carter wins face-off versus J.T. Compher in Stars zone.
3:47 of 3rd period - Wrist shot by Sam Reinhart.
3:47 of 3rd period - Shot Misses the Net.
3:49 of 3rd period - Snap shot by Andrej Sustr.
3:49 of 3rd period - Goal by Andrej Sustr - Stars : 1 - Flames : 2.
3:50 of 3rd period - Victor Rask wins face-off versus Alexander Radulov in neutral zone.
4:03 of 3rd period - Wrist shot by Patrick Eaves.
4:03 of 3rd period - Stopped by Jimmy Howard with a rebound.
4:05 of 3rd period - Slapshot by David Savard.
4:05 of 3rd period - Deflect By Victor Rask.
4:05 of 3rd period - Stopped by Jimmy Howard with a rebound.
4:17 of 3rd period - John Klingberg is hit by Drew Doughty.
4:37 of 3rd period - Snap shot by David Perron.
4:37 of 3rd period - Shot Misses the Net.
4:45 of 3rd period - Brad Richardson is hit by Lee Stempniak and loses puck.
5:40 of 3rd period - Slapshot by Jeff Carter.
5:40 of 3rd period - Shot Misses the Net.
6:41 of 3rd period - Patrik Nemeth is hit by Dennis Rasmussen and loses puck.
6:56 of 3rd period - Victor Hedman is hit by Patrik Nemeth.
7:57 of 3rd period - Joe Thornton is hit by Anders Lee and loses puck.
8:32 of 3rd period - Snap shot by Patrick Sharp.
8:32 of 3rd period - Stopped by Jimmy Howard without a rebound.
8:33 of 3rd period - Victor Rask wins face-off versus J.T. Compher in Stars zone.
9:20 of 3rd period - Snap shot by Henrik Sedin.
9:20 of 3rd period - Stopped by Carey Price without a rebound.
9:21 of 3rd period - Henrik Sedin wins face-off versus Brad Richardson in Flames zone.
9:22 of 3rd period - Wrist shot by Brian Gionta.
9:22 of 3rd period - Shot Blocked by Patrick Sharp.
9:24 of 3rd period - Slapshot by John Klingberg.
9:24 of 3rd period - Shot Blocked by Victor Hedman.
9:26 of 3rd period - Snap shot by Henrik Sedin.
9:26 of 3rd period - Stopped by Carey Price with a rebound.
9:36 of 3rd period - Wrist shot by Rick Nash.
9:36 of 3rd period - Deflect By Brian Gionta.
9:36 of 3rd period - Shot Misses the Net.
9:36 of 3rd period - Puck is out of play.
9:37 of 3rd period - Joe Thornton wins face-off versus Victor Rask in Flames zone.
9:44 of 3rd period - Snap shot by Alexander Radulov.
9:44 of 3rd period - Deflect By Drew Doughty.
9:44 of 3rd period - Shot Misses the Net.
9:44 of 3rd period - Puck is out of play.
9:45 of 3rd period - Victor Rask wins face-off versus Joe Thornton in Flames zone.
10:10 of 3rd period - Rick Nash is hit by Drew Doughty and loses puck.
10:17 of 3rd period - Snap shot by Sam Reinhart.
10:17 of 3rd period - Shot Misses the Net.
10:19 of 3rd period - Snap shot by Sam Reinhart.
10:19 of 3rd period - Stopped by Jimmy Howard with a rebound.
10:49 of 3rd period - Greg Pateryn is hit by Andrej Sustr and loses puck.
11:18 of 3rd period - Brian Gionta is hit by Kevan Miller and loses puck.
11:27 of 3rd period - Wrist shot by Nick Bjugstad.
11:27 of 3rd period - Shot Misses the Net.
11:29 of 3rd period - Wrist shot by Dennis Rasmussen.
11:29 of 3rd period - Deflect By Tanner Kero.
11:29 of 3rd period - Shot Misses the Net.
11:29 of 3rd period - Puck is out of play.
11:30 of 3rd period - Jeff Carter wins face-off versus Joe Thornton in Stars zone.
12:14 of 3rd period - Snap shot by Mikko Rantanen.
12:14 of 3rd period - Shot Misses the Net.
12:16 of 3rd period - Slapshot by Stephen Johns.
12:16 of 3rd period - Stopped by Carey Price with a rebound.
12:18 of 3rd period - Snap shot by Mikko Rantanen.
12:18 of 3rd period - Stopped by Carey Price with a rebound.
12:20 of 3rd period - Wrist shot by Mikko Rantanen.
12:20 of 3rd period - Stopped by Carey Price with a rebound.
12:22 of 3rd period - Slapshot by Patrik Nemeth.
12:22 of 3rd period - Stopped by Carey Price without a rebound.
12:23 of 3rd period - Victor Rask wins face-off versus Henrik Sedin in Flames zone.
12:32 of 3rd period - Snap shot by Victor Rask.
12:32 of 3rd period - Shot Misses the Net.
12:55 of 3rd period - Wrist shot by Jeff Carter.
12:55 of 3rd period - Shot Blocked by Patrick Wiercioch.
13:19 of 3rd period - Wrist shot by Lee Stempniak.
13:19 of 3rd period - Stopped by Carey Price with a rebound.
13:21 of 3rd period - Snap shot by Jay Beagle.
13:21 of 3rd period - Stopped by Carey Price with a rebound.
13:43 of 3rd period - Slapshot by John Klingberg.
13:43 of 3rd period - Stopped by Carey Price without a rebound.
13:44 of 3rd period - Victor Rask wins face-off versus Alexander Radulov in Flames zone.
14:16 of 3rd period - Snap shot by David Perron.
14:16 of 3rd period - Shot Blocked by Patrik Nemeth.
14:18 of 3rd period - Snap shot by Drew Doughty.
14:18 of 3rd period - Shot Misses the Net.
14:34 of 3rd period - Slapshot by Richard Panik.
14:34 of 3rd period - Stopped by Carey Price without a rebound.
14:35 of 3rd period - Victor Rask wins face-off versus Joe Thornton in Flames zone.
14:35 of 3rd period - Victor Rask is hit by Joe Thornton.
15:01 of 3rd period - David Perron is hit by Rick Nash and loses puck.
15:06 of 3rd period - Snap shot by Henrik Sedin.
15:06 of 3rd period - Deflect By Rick Nash.
15:06 of 3rd period - Shot Misses the Net.
15:06 of 3rd period - Puck is out of play.
15:07 of 3rd period - Jay Beagle wins face-off versus Brad Richardson in Flames zone.
15:08 of 3rd period - Snap shot by Lee Stempniak.
15:08 of 3rd period - Stopped by Carey Price without a rebound.
15:09 of 3rd period - David Perron wins face-off versus Jay Beagle in Flames zone.
15:33 of 3rd period - Off-side.
15:34 of 3rd period - Joe Thornton wins face-off versus Anders Lee in neutral zone.
16:50 of 3rd period - Richard Panik is hit by Patrick Eaves and loses puck.
17:08 of 3rd period - Off-side.
17:09 of 3rd period - Jeff Carter wins face-off versus Henrik Sedin in neutral zone.
17:24 of 3rd period - Wrist shot by Brian Gionta.
17:24 of 3rd period - Deflect By Henrik Sedin.
17:24 of 3rd period - Shot Misses the Net.
17:24 of 3rd period - Puck is out of play.
17:25 of 3rd period - Brad Richardson wins face-off versus Jay Beagle in Flames zone.
17:52 of 3rd period - Icing by Richard Panik.
17:53 of 3rd period - Jeff Carter wins face-off versus Daniel Winnik in Stars zone.
18:06 of 3rd period - Wrist shot by J.T. Compher.
18:06 of 3rd period - Stopped by Carey Price with a rebound.
18:12 of 3rd period - Wrist shot by Jeff Carter.
18:12 of 3rd period - Shot Blocked by Lee Stempniak.
18:14 of 3rd period - Snap shot by Jeff Carter.
18:14 of 3rd period - Stopped by Jimmy Howard without a rebound.
18:15 of 3rd period - Brad Richardson wins face-off versus Jay Beagle in Stars zone.
18:24 of 3rd period - Drew Doughty is hit by Scottie Upshall and loses puck.
18:41 of 3rd period - Patrick Sharp is hit by Joe Thornton and loses puck.
19:04 of 3rd period - Snap shot by Michael Frolik.
19:04 of 3rd period - Deflect By Jeff Carter.
19:04 of 3rd period - Stopped by Jimmy Howard with a rebound.
19:06 of 3rd period - Slapshot by Drew Doughty.
19:06 of 3rd period - Shot Misses the Net.
19:08 of 3rd period - Snap shot by Jeff Carter.
19:08 of 3rd period - Stopped by Jimmy Howard with a rebound.
19:10 of 3rd period - Snap shot by Drew Doughty.
19:10 of 3rd period - Stopped by Jimmy Howard with a rebound.
19:12 of 3rd period - Slapshot by David Savard.
19:12 of 3rd period - Shot Blocked by Adam Pelech.
19:14 of 3rd period - Wrist shot by Tanner Kero.
19:14 of 3rd period - Shot Misses the Net.
19:30 of 3rd period - Wrist shot by Michael Frolik.
19:30 of 3rd period - Stopped by Jimmy Howard without a rebound.
19:31 of 3rd period - Dallas Eakins call a timeout for Stars.
19:31 of 3rd period - Joe Thornton wins face-off versus Jeff Carter in Stars zone.
19:43 of 3rd period - Wrist shot by Jeff Carter.
19:43 of 3rd period - Shot Blocked by Rick Nash.
Goals for this period are 0 for Stars vs 1 for Flames.
Shots for this period are 14 for Stars vs 10 for Flames.